 Dungeon Crawl Stone Soup version 0.17.1-1-g73c8601 (webtiles) character file.

190 Goblin1989 the Ruffian (level 5, -1/45 HPs)
             Began as a Ghoul Monk on Dec 31, 2015.
             Slain by a worm (7 damage)
             ... on level 4 of the Dungeon.
             The game lasted 00:04:28 (868 turns).

Goblin1989 the Ruffian (Ghoul Monk)                  Turns: 868, Time: 00:04:28

Health: -1/45      AC:  9    Str: 16    XL:     5   Next: 69%
Magic:  4/4        EV:  7    Int:  5    God:
Gold:   25         SH:  0    Dex: 11    Spells: 0 memorised, 4 levels left

rFire  . . .     SeeInvis .       - Unarmed
rCold  + . .     Clarity  .     d - +0 chain mail (curse)
rNeg   + + +     SustAt   +     (no shield)
rPois  ∞         Gourm    .     c - +0 helmet
rElec  .         Spirit   .     (no cloak)
rCorr  .         Warding  .     (no gloves)
rMut   .         Stasis   .     (no boots)
MR     .....                    (no amulet)
Stlth  ..........               (no ring)
                                f - ring of sustain attributes

@: rotting, not resistant to hostile enchantments, extremely unstealthy
A: rotting body, claws 1, carnivore 3, cold resistance 1, negative energy
resistance 3, slow regeneration 1, torment resistance, unbreathing
a: no special abilities


You were on level 4 of the Dungeon.
You were not hungry.

You visited 1 branch of the dungeon, and saw 4 of its levels.

You collected 25 gold pieces.

Inventory:

Armour
 c - a +0 helmet (worn)
 d - a cursed +0 chain mail (worn)
Jewellery
 f - a ring of sustain attributes (left claw)
Scrolls
 h - 2 scrolls of identify {unknown}
 k - a scroll of random uselessness {unknown}
 l - a scroll of fog {unknown}
 m - a scroll of enchant weapon {unknown}
Potions
 a - a potion of mutation {unknown}
 i - a potion of poison {unknown}
 j - a potion of ambrosia {unknown}
 n - a potion of haste {unknown}
Books
 e - a book of Power

   Spells                             Type                      Level
   a - Fulminant Prism                Conjuration/Hexes            4
   b - Iskenderun's Mystic Blast      Conjuration                  4
   c - Venom Bolt                     Conjuration/Poison           5
   d - Bolt of Magma                  Conjuration/Fire/Earth       5
   e - Iron Shot                      Conjuration/Earth            6
   f - Orb of Destruction             Conjuration                  7
   g - Spellforged Servitor           Conjuration/Summoning        7
Comestibles
 b - a meat ration
 g - a beef jerky


   Skills:
 - Level 3.2 Fighting
 - Level 2.6 Dodging
 - Level 2.1 Stealth
 + Level 7.4 Unarmed Combat


You had 4 spell levels left.
You didn't know any spells.

Dungeon Overview and Level Annotations

Branches:
Dungeon (4/15)
 Temple: D:4-7

Altars:

Annotations:
D:3 Goblin1989's ghost, amateur VSMo


Innate Abilities, Weirdness & Mutations

Your body is rotting away.
You thrive on raw meat.
You are immune to poison.
You have sharp fingernails.
You are carnivorous and can eat meat at any time.
Your flesh is cold resistant.
You are immune to negative energy.
You regenerate slowly when monsters are visible.
You are immune to unholy pain and torment.
You can survive without breathing.


Message History

You are too injured to fight recklessly!
You are too injured to fight recklessly!
You claw the gnoll!
The gnoll is almost dead.
The gnoll hits you but does no damage.
You claw the gnoll!
You kill the gnoll!
You claw the centaur skeleton!
The centaur skeleton closely misses you.
You claw the centaur skeleton! The centaur skeleton hits you.
* * * LOW HITPOINT WARNING * * *
The centaur skeleton hits you but does no damage.
You claw the centaur skeleton!
The centaur skeleton closely misses you.
You scratch the centaur skeleton but do no damage.
The centaur skeleton hits you but does no damage.
You claw the centaur skeleton!
You destroy the centaur skeleton!
The worm bites you!
You die...

..........#...#
#######...#...#
#.........#...#
#.........#...#
#.........#...#
#######'#.....#
#.#..#..#
#.#.....#
#@#.#...#
#w#.....#
wZ.g..........#
Zg...........>.
g.............##
.##...........#
##..........#
#...........
#...$.....##


You could see a worm.

Vanquished Creatures
  2 orc wizards (D:4)
  2 centaur skeletons (D:4)
  2 adders
  3 gnolls (D:4)
  2 worms (D:2)
  3 orcs (D:4)
  2 hobgoblins (D:2)
  A quokka (D:2)
  2 bats (D:2)
  A giant newt (D:2)
  A goblin (D:2)
  2 jackals (D:2)
  A jackal skeleton (D:4)
  A kobold (D:2)
  2 rats (D:2)
27 creatures vanquished.

Notes
Turn   | Place    | Note
--------------------------------------------------------------
     0 | D:1      | Goblin1989 the Ghoul Monk began the quest for the Orb.
     0 | D:1      | Reached XP level 1. HP: 19/19 MP: 0/0
    21 | D:3      | Noticed Goblin1989's ghost (amateur VSMo)
    92 | D:2      | Reached XP level 2. HP: 20/26 MP: 1/1
   323 | D:2      | Reached skill level 5 in Unarmed Combat
   539 | D:2      | Reached XP level 3. HP: 25/31 MP: 2/2
   734 | D:4      | Reached skill level 6 in Unarmed Combat
   734 | D:4      | Reached XP level 4. HP: 22/38 MP: 3/3
   846 | D:4      | Reached XP level 5. HP: 27/45 MP: 4/4
   849 | D:4      | Reached skill level 7 in Unarmed Combat
   868 | D:4      | Slain by a worm

Action                   |  1- 3 |  4- 6 || total
-------------------------+-------+-------++-------
Melee: Unarmed           |    78 |    46 ||   124
 Stab: Sleeping          |     1 |       ||     1
  Eat: Chunk             |     8 |       ||     8
